Map: Lerilak Crest

Players

LiquidTLO (TLO)

  • Race: Zerg Zerg
  • League: Grandmaster

iGiAsonu (iAsonu) - Winner!

  • Race: Zerg Zerg

Event: 2016 WCS Winter Circuit Championship

VOD

Have the link to the VOD?

Description

Time

  • Played on: March 3, 2016, 7:08 a.m.
  • Length: 12:24

All games in this series

Show
View Real Time Build Order
Export as new Build Order

LiquidTLO Zerg 

Build Orders: Pool First, Zergling Baneling 

Get SALT Encoding   

  12  0:00  Drone  
  13  0:08  Drone  
  14  0:16  Extractor  
  14  0:17  Drone  
  14  0:32  Spawning Pool  
  14  0:35  Drone  
  14  0:44  Overlord  
  14  0:52  Drone, Extractor  
  15  1:18  Metabolic Boost  
  15  1:19  Zergling x6  
  18  1:26  Queen  
  18  1:31  Zergling x2  
  21  1:40  Baneling Nest  
  21  1:44  Zergling x2  
  21  1:52  Zergling x2  
  22  2:02  Overlord  
  22  2:21  Zergling x2  
  22  2:24  Zergling x2  
  22  2:29  Baneling x2  
  23  2:34  Baneling x2  
  23  2:35  Zergling x2  
  23  2:36  Zergling x4  
  26  2:38  Zergling x2  
  27  2:45  Baneling  
  27  2:54  Zergling x2  
  25  3:08  Drone x2  
  25  3:09  Drone  
  25  3:11  Drone  
  28  3:14  Drone  
  26  3:32  Hatchery  
  26  3:34  Drone  
  25  3:38  Baneling x2  
  25  3:41  Drone  
  25  3:45  Baneling  
  26  3:48  Drone  
  26  3:54  Drone x2  
  26  3:55  Drone  
  30  4:02  Drone  
  29  4:11  Drone  
  30  4:19  Overlord  
  30  4:25  Extractor  
  30  4:27  Extractor, Queen  
  30  4:31  Baneling  
  32  4:33  Roach Warren  
  31  4:40  Drone  
  31  4:42  Drone  
  31  4:43  Drone x2  
  35  4:48  Zergling x2  
  35  4:51  Drone  
  37  4:56  Zergling x2  
  38  5:02  Drone  
  38  5:03  Drone  
  38  5:05  Drone  
  41  5:12  Drone  
  41  5:13  Overlord  
  42  5:15  Roach  
  42  5:18  Extractor  
  42  5:19  Overlord  
  43  5:26  Overlord  
  43  5:28  Overlord  
  42  5:33  Drone  
  43  5:36  Drone  
  43  5:37  Overlord  
  43  5:39  Drone  
  43  5:41  Roach  
  43  5:42  Ravager, Roach  
  50  5:43  Roach  
  50  5:47  Drone  
  50  5:48  Roach  
  55  5:51  Roach  
  57  5:57  Drone  
  57  5:58  Roach  
  57  6:00  Overlord  
  60  6:09  Ravager x2  
  62  6:15  Hatchery, Roach  
  63  6:19  Roach  
  63  6:21  Roach  
  63  6:24  Roach  
  63  6:25  Zergling x2  
  70  6:27  Zergling x10  
  70  6:29  Ravager  
  70  6:31  Baneling  
  76  6:42  Roach  
  76  6:43  Zergling x2  
  76  6:46  Roach  
  79  6:49  Roach x2  
  79  6:54  Zergling x2, Roach  
  78  6:55  Zergling x4  
  78  7:00  Hatchery  
  79  7:03  Zergling x2  
  79  7:04  Zergling x2  
  79  7:06  Baneling x2  
  81  7:09  Roach  
  81  7:13  Overlord  
  83  7:20  Zergling x2  
  84  7:24  Evolution Chamber, Extractor  
  84  7:25  Drone, Extractor  
  82  7:31  Roach x2  
  82  7:32  Drone x2  
  82  7:34  Roach  
  90  7:37  Drone  
  90  7:43  Roach x2  
  94  7:49  Lair  
  94  7:58  Drone x2  
  95  7:59  Drone x2  
  95  8:03  Zerg Missile Weapons Level 1  
  98  8:12  Roach  
  100  8:14  Drone  
  100  8:16  Roach  
  100  8:17  Overlord  
  103  8:23  Drone  
  103  8:24  Drone  
  103  8:25  Overlord  
  105  8:30  Overlord  
  105  8:35  Roach  
  105  8:38  Overlord, Roach  
  109  8:41  Drone  
  109  8:42  Drone  
  109  8:45  Roach  
  109  8:46  Drone  
  114  8:54  Drone  
  114  8:55  Spire  
  114  8:57  Glial Reconstitution  
  114  9:01  Drone x2  
  116  9:03  Drone  
  116  9:04  Drone  
  116  9:07  Extractor x2  
  116  9:10  Ravager x4  
  116  9:12  Drone  
  116  9:15  Drone x2  
  116  9:16  Drone  
  124  9:21  Drone  
  124  9:23  Overlord  
  125  9:24  Overlord  
  125  9:27  Drone  
  126  9:33  Overlord  
  126  9:40  Overlord  
  126  9:43  Roach x2  
  126  9:45  Roach x3  
  136  9:47  Overlord  
  136  9:51  Overlord  
  136  9:53  Roach  
  136  9:56  Overlord  
  138  10:07  Mutalisk  
  138  10:08  Mutalisk x3  
  138  10:09  Mutalisk  
  138  10:11  Mutalisk  
  150  10:14  Mutalisk  
  150  10:17  Mutalisk  
  150  10:20  Mutalisk  
  156  10:26  Overlord  
  156  10:28  Mutalisk  
  156  10:32  Mutalisk  
  160  10:39  Mutalisk  
  157  10:47  Mutalisk  
  157  10:49  Overlord x2  
  161  10:50  Roach  
  161  10:52  Roach  
  161  10:53  Roach x2  
  161  10:55  Roach  
  161  10:56  Roach x2  
  170  10:57  Roach  
  170  11:01  Roach  
  170  11:03  Queen  
  170  11:05  Roach  
  170  11:06  Roach  
  170  11:09  Roach  
  170  11:10  Mutalisk  
  178  11:15  Roach  
  178  11:16  Roach  
  178  11:18  Mutalisk  
  182  11:25  Roach  
  186  11:29  Mutalisk  
  182  11:34  Mutalisk  
  182  11:39  Mutalisk  
  180  11:41  Roach  
  164  11:48  Mutalisk  
  164  11:51  Roach  
  164  11:52  Roach  
  164  11:53  Roach x2  
  144  11:55  Roach  
  144  11:57  Roach x2  
  144  11:59  Roach  
  134  12:02  Drone  
Show
View Real Time Build Order
Export as new Build Order

iGiAsonu Zerg - Winner!

Build Orders: Hatch First 

Get SALT Encoding   

  12  0:01  Drone  
  13  0:12  Overlord  
  13  0:16  Drone  
  14  0:31  Drone x2  
  14  0:34  Drone  
  17  0:52  Hatchery  
  17  0:55  Drone  
  17  1:09  Spawning Pool  
  16  1:11  Drone  
  16  1:15  Drone  
  18  1:18  Drone  
  18  1:25  Extractor  
  18  1:32  Overlord  
  18  1:55  Queen  
  18  1:56  Zergling x4  
  23  2:01  Zergling x2  
  23  2:03  Queen  
  23  2:04  Zergling x2  
  26  2:12  Baneling Nest  
  26  2:13  Zergling x2  
  26  2:17  Zergling x2  
  27  2:29  Overlord  
  27  2:31  Queen  
  27  2:36  Zergling x2  
  30  2:39  Zergling x2  
  31  2:50  Zergling x4  
  33  2:56  Baneling  
  33  2:57  Baneling  
  32  3:01  Zergling x4  
  32  3:04  Zergling x4  
  32  3:08  Zergling x4  
  33  3:14  Zergling x2  
  33  3:15  Zergling x2  
  32  3:21  Zergling x2  
  33  3:30  Zergling x2  
  34  3:34  Baneling  
  34  3:35  Baneling  
  34  3:37  Drone  
  34  3:39  Drone  
  36  3:41  Drone  
  36  3:45  Drone  
  38  3:49  Drone  
  38  3:53  Drone  
  40  4:01  Drone  
  40  4:02  Drone x2  
  41  4:11  Queen  
  41  4:16  Drone  
  44  4:21  Overlord  
  44  4:23  Metabolic Boost  
  44  4:31  Overlord  
  44  4:36  Extractor  
  43  4:40  Drone x4  
  43  4:42  Drone  
  43  4:44  Drone  
  49  4:46  Drone  
  50  4:54  Roach Warren  
  50  4:57  Drone  
  50  4:59  Drone  
  51  5:02  Drone  
  51  5:06  Overlord  
  52  5:10  Drone x2  
  52  5:12  Drone  
  54  5:17  Overlord  
  54  5:23  Overlord  
  54  5:24  Overlord  
  54  5:33  Overlord  
  53  5:38  Roach x4  
  53  5:40  Roach  
  63  5:46  Roach x2  
  67  5:51  Roach  
  67  5:55  Roach  
  67  5:56  Roach x2  
  75  6:01  Overlord  
  75  6:03  Roach  
  76  6:08  Roach x2  
  76  6:10  Baneling x5  
  80  6:17  Zergling x6  
  83  6:24  Zergling x4  
  86  6:32  Zergling x2  
  86  6:33  Zergling x2  
  86  6:35  Ravager  
  84  6:49  Zergling x4  
  84  6:51  Drone  
  84  6:52  Zergling x2  
  79  6:54  Drone  
  79  6:55  Drone  
  79  6:57  Lair  
  79  6:58  Evolution Chamber, Drone  
  79  7:00  Drone  
  81  7:02  Roach x2  
  81  7:05  Drone x2  
  87  7:09  Roach  
  87  7:12  Hatchery  
  87  7:14  Drone  
  89  7:19  Roach  
  89  7:21  Extractor  
  90  7:25  Zerg Missile Weapons Level 1  
  90  7:26  Roach x2  
  90  7:27  Roach  
  90  7:28  Extractor  
  95  7:30  Overlord, Roach  
  95  7:34  Roach  
  95  7:35  Overlord  
  99  7:44  Overlord x2  
  99  7:47  Overlord  
  99  7:49  Overlord  
  99  7:55  Overlord  
  99  7:57  Glial Reconstitution  
  99  8:01  Overlord  
  99  8:03  Drone  
  99  8:04  Drone x2  
  99  8:05  Drone  
  102  8:08  Drone x2  
  102  8:11  Roach  
  106  8:17  Overseer  
  106  8:19  Drone  
  107  8:23  Roach  
  107  8:27  Roach x3  
  115  8:29  Drone  
  115  8:30  Drone  
  115  8:32  Roach  
  115  8:33  Overseer  
  119  8:38  Drone  
  119  8:40  Drone  
  119  8:42  Queen  
  119  8:44  Roach  
  122  8:48  Drone  
  122  8:50  Roach  
  122  8:51  Roach  
  122  8:52  Drone  
  128  8:56  Overlord  
  128  8:59  Roach  
  128  9:00  Roach  
  128  9:02  Drone x2  
  134  9:04  Roach  
  134  9:05  Drone  
  134  9:08  Drone  
  138  9:10  Extractor, Ravager x2  
  138  9:11  Extractor, Ravager  
  138  9:13  Roach x2  
  143  9:18  Overlord  
  143  9:23  Overlord  
  143  9:25  Roach x2  
  147  9:34  Zerg Missile Weapons Level 2  
  147  9:46  Hatchery  
  147  9:47  Spire  
  147  9:51  Roach x3  
  151  9:58  Overlord  
  151  10:03  Roach x4  
  159  10:09  Overlord  
  159  10:16  Roach x4  
  159  10:18  Overlord  
  167  10:25  Roach x3  
  173  10:45  Overlord  
  173  10:46  Spore Crawler  
  166  11:01  Mutalisk x11  
  188  11:10  Mutalisk  
  186  11:16  Mutalisk  
  182  11:19  Zergling x2  
  182  11:20  Zergling x2  
  182  11:21  Mutalisk  
  182  11:22  Extractor  
  182  11:25  Extractor  
  184  11:30  Mutalisk  
  184  11:31  Mutalisk  
  174  11:39  Mutalisk  
  136  11:50  Mutalisk  
  136  11:52  Zergling x8  
  136  11:53  Zergling x14  
  125  11:57  Mutalisk  
Tags
 
Add a new tag
Caveats
  • Supply blocks, unpowered buildings, or Contaminate may cause inaccurate times.
  • Supply counts are checked every 10 seconds.